cohdb
Replays
Latest Replays
All Replays
Popular Replays
Top Player Replays
Match Explorer
How It Works
Community
CoH3 Stats
Reddit
Sign in to upload your games and track your stats! →
Sign in with Steam
Match 42899023
Unlisted
Match 42899023
Overview
Messages
Build Orders
End
Panzergrenadier Squad
250 Light Carrier
Panzergrenadier Squad
Construct Light Support Kompanie
Selects Italian Infantry
Construct Mechanized Kompanie
Selects Guastatori Squad
Guastatori Squad
Panzerjäger Mechanized Group
2.5-tonne Medical Truck
Support Armor Elements
Veteran Squad Leaders
Marder III Tank Destroyer
Panzerjäger Mechanized Group
Selects Registered Artillery
Marder III Tank Destroyer
Selects Towed Cannone da 105/28 Field Howitzer
Towed Cannone da 105/28 Field Howitzer
뉴이르
Vazack
RunningWithFate
Onoyk
0
0
Comments
sign in to comment!
No comments posted yet!